 Dungeon Crawl Stone Soup version 0.28.0-53-g5a82cb258f (webtiles) character file.

Game seed: 18096264710736411685

854 101zpm the Magician (level 8, 0/50 HPs)
             Began as a Djinni Fire Elementalist on May 23, 2022.
             Slain by a sky beast (5 damage)
             ... on level 5 of the Dungeon.
             The game lasted 00:12:11 (8221 turns).

101zpm the Magician (Djinni Fire Elementalist)      Turns: 8221, Time: 00:12:11

Health: 0/50       AC:  8    Str:  7    XL:     8   Next: 21%
Gold:   463        EV: 12    Int: 20    God:
                   SH:  0    Dex: 13

rFire   + + .      SeeInvis .   (no weapon)
rCold   x . .      Faith    .   (no shield)
rNeg    . . .      Spirit   .   a - +0 robe
rPois   ∞          Reflect  .   i - +2 hat
rElec   .          Harm     .   (no cloak)
rCorr   .          Rampage  .   (no gloves)
Will    .....                   (boots unavailable)
Stlth   ++........              f - amulet of the acrobat
HPRegen 0.16/turn               k - +4 ring of protection
MPRegen 0.00/turn               r - +4 ring of slaying

@: flying, very slightly contaminated
A: sickness immunity, fire resistance 2, cold vulnerability 1, float, innate
caster, HP casting, extra vitality 1
a: no special abilities


You were on level 5 of the Dungeon.
You visited 1 branch of the dungeon, and saw 5 of its levels.
You also visited: Ossuary.

You collected 463 gold pieces.

Inventory:

Armour
 a - a +0 robe (worn)
 i - a +2 hat (worn)
Jewellery
 f - an amulet of the acrobat (around neck)
 k - a +4 ring of protection (left hand)
 r - a +4 ring of slaying (right hand)
Wands
 s - a wand of acid (9)
Scrolls
 c - 2 scrolls of magic mapping
 d - a scroll of fog {unknown}
 e - 2 scrolls of identify {unknown}
 g - 2 scrolls of torment {unknown}
 j - 2 scrolls of fear {unknown}
 m - 2 scrolls of amnesia {unknown}
 n - a scroll of teleportation {unknown}
 o - 2 scrolls of enchant weapon {unknown}
Potions
 b - a potion of heal wounds {unknown}
 h - 2 potions of degeneration {unknown}
 l - a potion of invisibility {unknown}
 p - a potion of attraction {unknown}
 q - 2 potions of curing {unknown}


   Skills:
 + Level 2.6 Dodging
 + Level 2.6 Stealth
 + Level 6.8 Spellcasting


You had one spell level left.
You knew the following spells:

 Your Spells              Type           Power      Damage    Failure   Level
a - Foxfire               Conj/Fire      100%       2x1d9     1%          1
b - Scorch                Fire           68%        2d8       1%          2
c - Conjure Flame         Conj/Fire      34%        6-21      1%          3
d - Inner Flame           Hex/Fire       34%        N/A       1%          3
e - Flame Wave            Conj/Fire      34%        2d8       6%          4
f - Pain                  Necr           100%       1d9       1%          1
g - Poisonous Vapours     Pois/Air       68%        N/A       1%          2
h - Call Canine Familiar  Summ           34%        N/A       1%          3
Your spell library was empty.

Dungeon Overview and Level Annotations

Branches:
Dungeon (5/15)            Ossuary (visited)
 Temple: D:4-7

Altars:
Fedhas


Innate Abilities, Weirdness & Mutations

You are immune to sickness and miasma.
You are immune to poison.
Your flesh is very heat resistant. (rF++)
You are vulnerable to cold. (rC-)
You float through the air rather than walking.
You learn spells naturally, not from books.
Your magical power is your life essence.
You have superior vitality. (+4 MHP)


Message History

The adder bites you but does no damage.
Casting: Scorch (safe; 1% risk of failure)
Confirm with . or Enter, or press ? or * to list all spells.
You miscast Scorch.
Nothing appears to happen.
The adder closely misses you.
The gnoll sergeant completely misses you.
The adder bites you.
Casting: Scorch (safe; 1% risk of failure)
Confirm with . or Enter, or press ? or * to list all spells.
Flames lash the adder.
The adder is heavily wounded.
The adder's fire resistance burns away.
The gnoll sergeant barely misses you.
A sky beast comes into view.
The adder closely misses you.
Casting: Scorch (safe; 1% risk of failure)
Confirm with . or Enter, or press ? or * to list all spells.
Flames lash the adder.
The adder is burned terribly!
You kill the adder!
The gnoll sergeant hits you from afar with a +0 trident.
* * * LOW HITPOINT WARNING * * *
Casting: Scorch (safe; 1% risk of failure)
Confirm with . or Enter, or press ? or * to list all spells.
Flames lash the gnoll sergeant.
The gnoll sergeant is burned terribly!
The gnoll sergeant is severely wounded.
* * * LOW HITPOINT WARNING * * *
The gnoll sergeant barely misses you.
Casting: Scorch (safe; 1% risk of failure)
Confirm with . or Enter, or press ? or * to list all spells.
Flames lash the gnoll sergeant.
The gnoll sergeant is burned terribly!
You kill the gnoll sergeant!
* * * LOW HITPOINT WARNING * * *
Casting: Scorch (safe; 1% risk of failure)
Confirm with . or Enter, or press ? or * to list all spells.
Flames lash the sky beast.
The sky beast is lightly wounded.
The sky beast's fire resistance burns away.
* * * LOW HITPOINT WARNING * * *
The sky beast hits you.
* * * LOW HITPOINT WARNING * * *
The sky beast shocks you.
You die...

### ## )... .)
#..)##.###
#.#....#<#
#.##v..#.#
#)###§.#.#
#.#.##§..#
#.#.)##..#
#.')Y@##.#
#.#..##..####.
##.#.##.....[..#
#.g###..########
#..##...#
#.###.g#..#.#
#...........#
#############


You could see a sky beast (combustible).

Vanquished Creatures
  Grinder (D:4)
  A black bear (D:5)
  An ogre (D:4)
  A gnoll sergeant (D:5)
  An orc priest (D:4)
  A human zombie (Ossuary)
  Natasha (twice) (D:2)
  3 mummies
  Robin (D:3)
  4 gnolls (D:5)
  9 adders
  A worm (D:3)
  2 dart slugs
  25 orcs
  5 ball pythons
  3 endoplasms
  3 giant cockroaches
  3 gnoll zombies (Ossuary)
  13 goblins
  15 hobgoblins
  8 jackals
  5 quokkas
  7 bats
  4 frilled lizards
  2 goblin zombies (Ossuary)
  2 hobgoblin zombies (Ossuary)
  5 kobolds
  5 orc zombies (Ossuary)
  10 rats
143 creatures vanquished.

Vanquished Creatures (collateral kills)
  An orc zombie (Ossuary)
  8 foxfires (D:1)
9 creatures vanquished.

Vanquished Creatures (others)
  459 foxfires
  A plant (D:1)
460 creatures vanquished.

Grand Total: 612 creatures vanquished

Notes
Turn   | Place    | Note
-------+----------+-------------------------------------------
     0 | D:1      | 101zpm the Djinni Fire Elementalist began the quest for the
                  | Orb.
     0 | D:1      | Reached XP level 1. HP: 15/15 MP: 0/0
    18 | D:2      | Reached XP level 2. HP: 12/21 MP: 0/0
    22 | D:2      | Reached skill level 3 in Spellcasting
    22 | D:2      | Reached XP level 3. HP: 2/25 MP: 0/0
    22 | D:2      | Learned a level 1 spell: Pain
   673 | D:2      | Found a blossoming altar of Fedhas.
   773 | D:2      | Noticed Natasha
   778 | D:2      | Killed Natasha
   779 | D:2      | Reached XP level 4. HP: 24/31 MP: 0/0
  1137 | D:2      | Noticed Natasha
  1140 | D:2      | Killed Natasha
  1141 | D:2      | Reached skill level 4 in Spellcasting
  1141 | D:2      | Reached XP level 5. HP: 32/35 MP: 0/0
  1141 | D:2      | Learned a level 2 spell: Poisonous Vapours
  2516 | D:3      | Found a faded altar of an unknown god.
  4319 | D:4      | Reached XP level 6. HP: 19/40 MP: 0/0
  5430 | D:3      | Noticed Robin
  5437 | D:3      | Killed Robin
  5444 | D:3      | Reached skill level 5 in Spellcasting
  6446 | D:4      | Noticed Grinder
  6451 | D:4      | Killed Grinder
  6452 | D:4      | Reached XP level 7. HP: 32/45 MP: 0/0
  6452 | D:4      | Learned a level 3 spell: Call Canine Familiar
  6694 | D:4      | Reached skill level 6 in Spellcasting
  7469 | D:5      | Entered Level 5 of the Dungeon
  7513 | D:5      | Reached XP level 8. HP: 17/50 MP: 0/0
  7513 | D:5      | Found a sand-covered staircase.
  7519 | Ossuary  | Entered an ossuary
  8221 | D:5      | Slain by a sky beast

Illustrated notes

Levels and vault maps discovered:
D:1:      eino_arrival_water_cross, layout_basic, kennysheep_another_room
D:2:      layout_basic, basic_altar, uniq_natasha
D:3:      layout_loops_ring, hellmonk_ecumenical_altar_arch_garden,
          kennysheep_potato, uniq_robin
D:4:      layout_loops_ring, hangedman_decor_lopped, uniq_grinder
D:5:      layout_basic, minmay_temple_entry_from_below_a, serial_glass,
          glass_columns_a, glass_columns_a, gup_ossuary_entry_pyramid,
          uniq_menkaure

Skill      XL: |  1  2  3  4  5  6  7 |
---------------+----------------------+-----
Spellcasting   | 3 4 5 6 |  6.8
Stealth        | 2 |  2.6
Dodging        | |  2.6

Action                   |  1- 3 |  4- 6 |  7- 9 || total
-------------------------+-------+-------+-------++-------
 Cast: Foxfire           |    45 |   170 |    79 ||   294
       Scorch            |     2 |    31 |    20 ||    53
       Inner Flame       |       |    46 |    18 ||    64
       Poisonous Vapours |       |    13 |     4 ||    17
       Call Canine Famil |       |       |     5 ||     5
  Use: Scroll            |       |       |     1 ||     1
Armor: Robe              |       |     2 |     4 ||     6
Dodge: Dodged            |     4 |     8 |     9 ||    21
